| TOP OF THE 1ST |
|
Toronto Blue Jays batting - Pitching for Miami Marlins : RHP Sean Geer
|
|
Pitching: RHP Sean Geer
|
|
|
Batting: RHB Donny Burnside
|
0-0: Called Strike 0-1: Ball 1-1: Ball 2-1: Swinging Strike 2-2: Foul Ball, location: 2F 2-2: Strikes out swinging
|
|
Batting: RHB Danny Burnside
|
0-0: Called Strike 0-1: Ground out 5-3 (Groundball, 56S, EV 83.1 MPH)
|
|
Batting: RHB C.J. Richerson
|
0-0: Ball 1-0: Ground out 4-3 (Groundball, 4, EV 87.5 MPH)
|
| Top of the 1st over - 0 runs, 0 hits, 0 errors, 0 left on base; Toronto 0 - Miami 0 |
| BOTTOM OF THE 1ST |
|
Miami Marlins batting - Pitching for Toronto Blue Jays : LHP Spencer Jones
|
|
Pitching: LHP Spencer Jones
|
|
|
Batting: RHB Bert Clark
|
0-0: Ball 1-0: Ball 2-0: Called Strike 2-1: Ground out U3 (Groundball, 34S, EV 87.5 MPH)
|
|
Batting: RHB Tony Stedman
|
0-0: Ball 1-0: Swinging Strike 1-1: Ball 2-1: Foul Ball, location: 2F 2-2: Foul Ball, location: 2F 2-2: Ground out 6-3 (Groundball, 6M, EV 91.9 MPH)
|
|
Batting: LHB Andre Gorter
|
0-0: Ball 1-0: Ball 2-0: Swinging Strike 2-1: Ball 3-1: Base on Balls
|
|
Batting: RHB Jimmy Groseclose
|
0-0: Called Strike 0-1: Ball 1-1: Ball 2-1: Called Strike 2-2: Strikes out swinging
|
| Bottom of the 1st over - 0 runs, 0 hits, 0 errors, 1 left on base; Toronto 0 - Miami 0 |
| TOP OF THE 2ND |
|
Toronto Blue Jays batting - Pitching for Miami Marlins : RHP Sean Geer
|
|
Batting: LHB Nate Dean
|
0-0: Ball 1-0: Ball 2-0: Foul Ball, location: 2F 2-1: Swinging Strike 2-2: Ball 3-2: Strikes out swinging
|
|
Batting: LHB Michael Byrd
|
0-0: Foul Ball, location: 2F 0-1: Swinging Strike 0-2: Strikes out swinging
|
|
Batting: LHB Jon Schick
|
0-0: Ground out 4-3 (Groundball, 4, EV 87.5 MPH)
|
| Top of the 2nd over - 0 runs, 0 hits, 0 errors, 0 left on base; Toronto 0 - Miami 0 |
| BOTTOM OF THE 2ND |
|
Miami Marlins batting - Pitching for Toronto Blue Jays : LHP Spencer Jones
|
|
Batting: RHB Steve Barnard
|
0-0: Ball 1-0: Ball 2-0: Swinging Strike 2-1: Ball 3-1: Foul Ball, location: 2F 3-2: Strikes out looking
|
|
Batting: RHB Mike Gar
|
0-0: Ball 1-0: Foul Ball, location: 2F 1-1: Swinging Strike 1-2: Foul Ball, location: 2F 1-2: Strikes out swinging
|
|
Batting: RHB Zhi-bin Ou-yang
|
0-0: Swinging Strike 0-1: Called Strike 0-2: Ball 1-2: Strikes out swinging
|
| Bottom of the 2nd over - 0 runs, 0 hits, 0 errors, 0 left on base; Toronto 0 - Miami 0 |
| TOP OF THE 3RD |
|
Toronto Blue Jays batting - Pitching for Miami Marlins : RHP Sean Geer
|
|
Batting: RHB Brock Van Gilder
|
0-0: Called Strike 0-1: Ball 1-1: Ball 2-1: Foul Ball, location: 2F 2-2: Ball 3-2: Base on Balls
|
|
Batting: SHB Zory Larikov
|
0-0: Ball 1-0: Swinging Strike 1-1: Ball 2-1: Called Strike 2-2: Ball 3-2: Ground out 4-3 (Groundball, 34D, EV 110.6 MPH) Brock Van Gilder to second
|
|
Batting: RHB Kirk Arp
|
0-0: Ball 1-0: Swinging Strike 1-1: Ball 2-1: Swinging Strike 2-2: Strikes out swinging
|
|
Batting: RHB Donny Burnside
|
0-0: Ball 1-0: Fly out, F8 (Flyball, 8RS, EV 70.6 MPH)
|
| Top of the 3rd over - 0 runs, 0 hits, 0 errors, 1 left on base; Toronto 0 - Miami 0 |
| BOTTOM OF THE 3RD |
|
Miami Marlins batting - Pitching for Toronto Blue Jays : LHP Spencer Jones
|
|
Batting: RHB Alberto Cotto
|
0-0: Ground out 2-3 (Groundball, 2L, EV 70.6 MPH)
|
|
Batting: RHB Willie Chavez
|
0-0: Ball 1-0: Ball 2-0: Called Strike 2-1: Fly out, F8 (Flyball, 8RS, EV 93.8 MPH)
|
|
Batting: RHB Bert Clark
|
0-0: Called Strike 0-1: Called Strike 0-2: Ground out U3 (Groundball, 34, EV 98.8 MPH)
|
| Bottom of the 3rd over - 0 runs, 0 hits, 0 errors, 0 left on base; Toronto 0 - Miami 0 |
| TOP OF THE 4TH |
|
Toronto Blue Jays batting - Pitching for Miami Marlins : RHP Sean Geer
|
|
Batting: RHB Danny Burnside
|
0-0: Called Strike 0-1: Fly out, F8 (Line Drive, 78M, EV 93.1 MPH)
|
|
Batting: RHB C.J. Richerson
|
0-0: Called Strike 0-1: Ball 1-1: Ball 2-1: Ball 3-1: Base on Balls
|
|
Batting: LHB Nate Dean
|
0-0: Ball 1-0: Grounds into double play, 4-6-3 (Groundball, 4, EV 81.2 MPH)
|
| Top of the 4th over - 0 runs, 0 hits, 0 errors, 0 left on base; Toronto 0 - Miami 0 |
| BOTTOM OF THE 4TH |
|
Miami Marlins batting - Pitching for Toronto Blue Jays : LHP Spencer Jones
|
|
Batting: RHB Tony Stedman
|
0-0: Swinging Strike 0-1: Foul Ball, location: 2F 0-2: Strikes out looking
|
|
Batting: LHB Andre Gorter
|
0-0: Ball 1-0: Called Strike 1-1: Called Strike 1-2: Ball 2-2: Ball 3-2: Strikes out swinging
|
|
Batting: RHB Jimmy Groseclose
|
0-0: Swinging Strike 0-1: Foul Ball, location: 2F 0-2: Ball 1-2: Ball 2-2: Foul Ball, location: 2F 2-2: SINGLE (Flyball, 8RS, EV 94.4 MPH)
|
|
Batting: RHB Steve Barnard
|
0-0: Called Strike 0-1: Ball 1-1: Foul Ball, location: 2F 1-2: Foul Ball, location: 2F 1-2: Strikes out swinging
|
| Bottom of the 4th over - 0 runs, 1 hit, 0 errors, 1 left on base; Toronto 0 - Miami 0 |
| TOP OF THE 5TH |
|
Toronto Blue Jays batting - Pitching for Miami Marlins : RHP Sean Geer
|
|
Batting: LHB Michael Byrd
|
0-0: Ground out 4-3 (Groundball, 4, EV 94.4 MPH)
|
|
Batting: LHB Jon Schick
|
0-0: Called Strike 0-1: Ball 1-1: Ground out 4-3 (Groundball, 4, EV 90.0 MPH)
|
|
Batting: RHB Brock Van Gilder
|
0-0: Ball 1-0: Foul Ball, location: 2F 1-1: Called Strike 1-2: Ball 2-2: Foul Ball, location: 2F 2-2: Fly out, F8 (Flyball, 8RXD, EV 105.6 MPH)
|
| Top of the 5th over - 0 runs, 0 hits, 0 errors, 0 left on base; Toronto 0 - Miami 0 |
| BOTTOM OF THE 5TH |
|
Miami Marlins batting - Pitching for Toronto Blue Jays : LHP Spencer Jones
|
|
Batting: RHB Mike Gar
|
0-0: Ball 1-0: Ball 2-0: Called Strike 2-1: Called Strike 2-2: Ball 3-2: DOUBLE (Groundball, 5L, EV 106.2 MPH)
|
|
Batting: RHB Zhi-bin Ou-yang
|
0-0: Swinging Strike 0-1: Ball 1-1: Ground out 3-1 (Groundball, 34S, EV 90.6 MPH) Mike Gar to third
|
|
Batting: RHB Alberto Cotto
|
0-0: Ball 1-0: Ground out 6-3 (Groundball, 6, EV 88.8 MPH) Mike Gar scores
|
|
Batting: RHB Willie Chavez
|
0-0: Called Strike 0-1: Foul Ball, location: 2F 0-2: Ball 1-2: Ground out 5-3 (Groundball, 5, EV 102.5 MPH)
|
| Bottom of the 5th over - 1 run, 1 hit, 0 errors, 0 left on base; Toronto 0 - Miami 1 |
| TOP OF THE 6TH |
|
Toronto Blue Jays batting - Pitching for Miami Marlins : RHP Sean Geer
|
|
Batting: SHB Zory Larikov
|
0-0: Ball 1-0: Called Strike 1-1: Ball 2-1: Ball 3-1: Called Strike 3-2: SINGLE (Groundball, 6S, EV 64.4 MPH) (infield hit)
|
|
Batting: RHB Kirk Arp
|
0-0: Foul Ball, location: 2F 0-1: SINGLE (Line Drive, 9S, EV 86.9 MPH) Zory Larikov to second Runner from 2nd tries for 3rd, OUT! 9-5
|
|
Batting: RHB Donny Burnside
|
0-0: Called Strike 0-1: Ball 1-1: Ball 2-1: Ball 3-1: Swinging Strike 3-2: Foul Ball, location: 2F 3-2: Foul Ball, location: 2F 3-2: Foul Ball, location: 2F 3-2: Strikes out swinging
|
|
Batting: RHB Danny Burnside
|
0-0: Called Strike Kirk Arp is caught stealing 2nd base 2-4
|
| Top of the 6th over - 0 runs, 2 hits, 0 errors, 0 left on base; Toronto 0 - Miami 1 |
| BOTTOM OF THE 6TH |
|
Miami Marlins batting - Pitching for Toronto Blue Jays : LHP Spencer Jones
|
|
Batting: RHB Bert Clark
|
0-0: Called Strike 0-1: Ball 1-1: Ball 2-1: Foul Ball, location: 2F 2-2: SINGLE (Groundball, 6MS, EV 61.9 MPH) (infield hit)
|
|
Batting: RHB Tony Stedman
|
0-0: Ball 1-0: Fly out, F8 (Flyball, 89D, EV 86.2 MPH)
|
|
Batting: LHB Andre Gorter
|
0-0: Ball 1-0: Foul Ball, location: 2F 1-1: Ball 2-1: Swinging Strike 2-2: Ball 3-2: Strikes out swinging Bert Clark is caught stealing 2nd base 2-6 Batter strikes out.
|
| Bottom of the 6th over - 0 runs, 1 hit, 0 errors, 0 left on base; Toronto 0 - Miami 1 |
| TOP OF THE 7TH |
|
Toronto Blue Jays batting - Pitching for Miami Marlins : RHP Sean Geer
|
|
Batting: RHB Danny Burnside
|
0-0: Ball 1-0: Ball 2-0: Called Strike 2-1: Ground out 4-3 (Groundball, 34, EV 86.2 MPH)
|
|
Pinch Hitting: LHB Willis Robles
|
0-0: Called Strike 0-1: Foul Ball, location: 2F 0-2: DOUBLE (Groundball, 3L, EV 101.2 MPH)
|
|
Batting: LHB Nate Dean
|
0-0: Called Strike 0-1: DOUBLE (Flyball, 78XD, EV 111.9 MPH) Willis Robles scores
|
|
Batting: LHB Michael Byrd
|
0-0: Ball 1-0: Foul Ball, location: 2F 1-1: Ball 2-1: Fly out, F9 (Flyball, 9S, EV 90.0 MPH)
|
|
Batting: LHB Jon Schick
|
0-0: Ball 1-0: Ball 2-0: Fly out, F7 (Flyball, 7, EV 82.5 MPH)
|
| Top of the 7th over - 1 run, 2 hits, 0 errors, 1 left on base; Toronto 1 - Miami 1 |
| BOTTOM OF THE 7TH |
|
Miami Marlins batting - Pitching for Toronto Blue Jays : LHP Spencer Jones
|
|
Now at 2B: Nate Dean
|
|
|
Now at SS: Brock Van Gilder
|
|
|
Now in LF: Willis Robles
|
|
|
Batting: RHB Jimmy Groseclose
|
0-0: Swinging Strike 0-1: Ball 1-1: Ball 2-1: Called Strike 2-2: Strikes out swinging
|
|
Batting: RHB Steve Barnard
|
0-0: Called Strike 0-1: Called Strike 0-2: Ball 1-2: Ball 2-2: Ball 3-2: Base on Balls
|
|
Batting: RHB Mike Gar
|
0-0: Fly out, F9 (Flyball, 9, EV 94.4 MPH)
|
|
Batting: RHB Zhi-bin Ou-yang
|
0-0: Swinging Strike 0-1: Swinging Strike 0-2: SINGLE (Groundball, 6S, EV 69.4 MPH) (infield hit) Steve Barnard to second
|
|
Batting: RHB Alberto Cotto
|
0-0: Swinging Strike 0-1: Ball Wild Pitch! Steve Barnard to third Zhi-bin Ou-yang to second 1-1: Ground out 6-3 (Groundball, 56, EV 100.6 MPH)
|
| Bottom of the 7th over - 0 runs, 1 hit, 0 errors, 2 left on base; Toronto 1 - Miami 1 |
| TOP OF THE 8TH |
|
Toronto Blue Jays batting - Pitching for Miami Marlins : RHP Sean Geer
|
|
Batting: RHB Brock Van Gilder
|
0-0: Swinging Strike 0-1: Fly out, F7 (Flyball, 7LS, EV 74.4 MPH)
|
|
Batting: SHB Zory Larikov
|
0-0: Ball 1-0: Foul Ball, location: 2F 1-1: Ball 2-1: Swinging Strike 2-2: Fly out, F7 (Flyball, 7LM, EV 79.4 MPH)
|
|
Batting: RHB Kirk Arp
|
0-0: Foul Ball, location: 2F 0-1: Swinging Strike 0-2: Fly out, F7 (Flyball, 7D, EV 83.1 MPH)
|
| Top of the 8th over - 0 runs, 0 hits, 0 errors, 0 left on base; Toronto 1 - Miami 1 |
| BOTTOM OF THE 8TH |
|
Miami Marlins batting - Pitching for Toronto Blue Jays : LHP Spencer Jones
|
|
Pitching: RHP Gilberto Dominguez
|
|
|
Pinch Hitting: LHB Adam Durgin
|
0-0: Ball 1-0: Foul Ball, location: 2F 1-1: Ground out 6-3 (Groundball, 6S, EV 84.4 MPH)
|
|
Batting: RHB Bert Clark
|
0-0: Ball 1-0: Called Strike 1-1: Foul Ball, location: 2F 1-2: Fly out, F8 (Flyball, 8LD, EV 100.6 MPH)
|
|
Batting: RHB Tony Stedman
|
0-0: Ball 1-0: Foul Ball, location: 2F 1-1: Called Strike 1-2: Ball 2-2: Foul Ball, location: 2F 2-2: Ball 3-2: Strikes out swinging
|
| Bottom of the 8th over - 0 runs, 0 hits, 0 errors, 0 left on base; Toronto 1 - Miami 1 |
| TOP OF THE 9TH |
|
Toronto Blue Jays batting - Pitching for Miami Marlins : RHP Sean Geer
|
|
Now at 3B: Alberto Cotto
|
|
|
Now at SS: Ramon Martinez
|
|
|
Batting: RHB Donny Burnside
|
0-0: Ball 1-0: Foul Ball, location: 2F 1-1: Ground out 6-3 (Groundball, 56, EV 77.5 MPH)
|
|
Batting: RHB Danny Burnside
|
0-0: Called Strike 0-1: Foul Ball, location: 2F 0-2: Ground out U3 (Groundball, 34, EV 88.8 MPH)
|
|
Batting: LHB Willis Robles
|
0-0: Swinging Strike 0-1: Swinging Strike 0-2: Strikes out looking
|
| Top of the 9th over - 0 runs, 0 hits, 0 errors, 0 left on base; Toronto 1 - Miami 1 |
| BOTTOM OF THE 9TH |
|
Miami Marlins batting - Pitching for Toronto Blue Jays : RHP Gilberto Dominguez
|
|
Pitching: RHP Chase Schlong
|
|
|
Batting: LHB Andre Gorter
|
0-0: SINGLE (Groundball, 6MD, EV 107.5 MPH)
|
|
Pitching: RHP Zach Ault
|
|
|
Batting: RHB Jimmy Groseclose
|
0-0: Ball 1-0: Called Strike 1-1: Ball Andre Gorter steals 2nd base 2-1: Swinging Strike 2-2: Foul Ball, location: 2F 2-2: Strikes out swinging
|
|
Batting: RHB Steve Barnard
|
0-0: Ball 1-0: Ball 2-0: Foul Ball, location: 2F 2-1: Ball 3-1: SINGLE (Groundball, 56D, EV 98.8 MPH) Andre Gorter to third Runner from 3rd tries for Home, SAFE, throw by LF to home
|
| Bottom of the 9th over - 1 run, 2 hits, 0 errors, 1 left on base; Toronto 1 - Miami 2 |
|